 Dungeon Crawl Stone Soup version 0.27-a0-328-g7f782ed93a (webtiles) character file.

Game seed: 16755956793589843201

3 lessens the Caller (level 1, -4/13 HPs)
             Began as a Merfolk Summoner on Feb 12, 2021.
             Slain by a goblin
             ... wielding a +0 mace
              (6 damage)
             ... on level 1 of the Dungeon.
             The game lasted 00:00:24 (41 turns).

lessens the Caller (Merfolk Summoner)                 Turns: 41, Time: 00:00:24

Health: -4/13      AC:  2    Str:  8    XL:     1   Next: 50%
Magic:  0/3        EV: 13    Int: 14    God:
Gold:   0          SH:  0    Dex: 14    Spells: 3/4 levels left

rFire    . . .     SeeInvis .   c - +0 club
rCold    . . .     Faith    .   (no shield)
rNeg     . . .     Spirit   .   a - +0 robe
rPois    .         Reflect  .   (no helmet)
rElec    .         Harm     .   (no cloak)
rCorr    .         Rampage  .   (no gloves)
Will     .....                  (no boots)
Stlth    ++........             (no amulet)
HPRegen  0.04/turn              (no ring)
MPRegen  0.08/turn              (no ring)

@: no status effects
A: change form in water, swift swim, stealthy swim
a: no special abilities


You were on level 1 of the Dungeon.
You visited 1 branch of the dungeon, and saw 1 of its levels.

Inventory:

Hand Weapons
 c - a +0 club (weapon)
Missiles
 b - 5 stones
Armour
 a - a +0 robe (worn)


   Skills:
 - Level 2.6 Dodging
 - Level 2.1 Stealth
 + Level 2.1 Spellcasting
 + Level 4.1 Summonings


You had 3 spell levels left.
You knew the following spells:

 Your Spells              Type           Power        Failure   Level
a - Summon Small Mammal   Summ           48%          4%          1

Your spell library contained the following spells:

 Spells                   Type           Power        Failure   Level
 Call Imp                 Summ           12%          7%          2
 Call Canine Familiar     Summ           12%          13%         3
 Summon Guardian Golem    Hex/Summ       7%           30%         3
 Summon Ice Beast         Ice/Summ       7%           69%         4
 Summon Lightning Spire   Summ/Air       7%           69%         4


Dungeon Overview and Level Annotations

Branches:
Dungeon (1/15)

Altars:


Message History

The hobgoblin hits your quokka with a +0 club.
The kobold closely misses you.
Your quokka bites the hobgoblin.
The hobgoblin dies!
You closely miss the kobold.
The kobold is severely wounded.
Your bat hits the kobold but does no damage.
Your quokka barely misses the kobold.
The kobold barely misses your bat.
You hit the kobold.
You kill the kobold!
You swap places.
b - 5 stones You see here a kobold corpse.
A goblin comes into view. It is wielding a +0 mace.
A frilled lizard comes into view.
The goblin moves out of view.
Found a club.
You see here a +0 club.
c - a +0 club A bat comes into view.
c - a +0 club (weapon)
You closely miss the frilled lizard. Your bat hits the frilled lizard.
The bat hits your bat.
Your bat completely misses the bat.
The frilled lizard bites you.
Your bat hits the frilled lizard.
The frilled lizard dies!
The bat hits you but does no damage. The bat hits you.
The bat barely misses you. The bat hits you.
You hit the bat.
You kill the bat!
Your quokka disappears in a puff of smoke!
Casting: Summon Small Mammal (safe; 4% risk of failure)
Confirm with . or Enter, or press ? or * to list all spells.
You hit the goblin.
The goblin is moderately wounded.
The goblin hits you with a +0 mace.
* * * LOW HITPOINT WARNING * * *
Your rat barely misses the goblin.
You hit the goblin.
The goblin is severely wounded.
The goblin hits you with a +0 mace.
You die...

##...... .......
#.....# ##
..)...#..
##.....#.
..r......#
#g#.#.##.#
#@#.#.##.#
#b....##.#
#....###.####
#.#..# #....##
...#.†###.##..#
#.##.#..........#
# #.#!##'''##..#
....#.....#..#
#...#..<[.#..#


You could see a goblin, a friendly bat (summoned) and a friendly rat (summoned).

Vanquished Creatures
  A bat (D:1)
  A kobold (D:1)
2 creatures vanquished.

Vanquished Creatures (collateral kills)
  A hobgoblin (D:1)
  A bat (D:1)
  A frilled lizard (D:1)
3 creatures vanquished.

Grand Total: 5 creatures vanquished

Notes
Turn   | Place    | Note
-------+----------+-------------------------------------------
     0 | D:1      | lessens the Merfolk Summoner began the quest for the Orb.
     0 | D:1      | Reached XP level 1. HP: 13/13 MP: 3/3
    41 | D:1      | Slain by a goblin

Illustrated notes

Levels and vault maps discovered:
D:1:      dpeg_arrival_windows_large_door, layout_loops_ring

Action                   || total
-------------------------++-------
Melee: Unarmed           ||     7
       Club              ||     4
 Cast: Summon Small Mamm ||     5
Armor: Robe              ||     3
Dodge: Dodged            ||    11

Table legend: (Time is in decaauts)
 A = Elapsed time spent in this place.
 B = Non-inter-level travel time spent in this place.
 C = Inter-level travel time spent in this place.
 D = Time resting spent in this place.
 E = Time spent auto-exploring this place.
 F = Levels seen in this place.
 G = Mean time per level.
                   A        B        C        D        E       F      G
               +--------+--------+--------+--------+--------+-----+--------+
         Total |     41 |     41 |      0 |      0 |     11 |   1 |   41.0 |
       Dungeon |     41 |     41 |      0 |      0 |     11 |   1 |   41.0 |
               +--------+--------+--------+--------+--------+-----+--------+

Top non-repeatable levels by time:
     D:1: 41 daAuts
